[ AOE2 MATCH · #505963779 ]
UnrankedMagyars vs Turks
Player's team · LOSS
Rival team · WIN
[ REPLAY ANALYSIS · EXTRACTED FROM THE RECORDED GAME ]
Feudal
10:01
Castle
22:21
Imperial
—
| APM avg | 62.4 |
| APM peak | 100 |
| eAPM avg | 28.5 |
| Villagers / military | 80 / 55 |
Focus
⚔️ 25.4% · 🌾 74.6%
Cavalry Archer ×45 · Scout Cavalry ×6 · Archer ×3 · Monk ×1
Feudal
14:28
Castle
23:29
Imperial
—
| APM avg | 87.6 |
| APM peak | 128 |
| eAPM avg | 52.4 |
| Villagers / military | 59 / 53 |
Focus
⚔️ 33.0% · 🌾 67.0%
Scout Cavalry ×41 · Militia ×6 · Spearman ×3 · Camel Scout ×3
Match map
Initial resources + every placement click. Lines = walls · curves = elevation contours. ◆ gold · ⬟ stone · ● berries · ✦ relic · ◌ wall gap
Your base· Open — 2t gap
Kubiasty's base· Open — 4t gap
Smoothed initial terrain · ◌ = detected wall gap · hover for details
Inputs per minute
— dlms9 - - Kubiasty
Build order — dlms9
First 150 of 205 actions detected
| 0:00 | Queue | Villager (Male) |
| 0:00 | Queue | Villager (Male) |
| 0:02 | Build | House |
| 0:02 | Build | House |
| 0:14 | Queue | Villager (Male) |
| 0:15 | Queue | Villager (Male) |
| 1:25 | Queue | Villager (Male) |
| 1:25 | Queue | Villager (Male) |
| 2:05 | Build | Lumber Camp |
| 2:06 | Queue | Villager (Male) |
| 2:06 | Queue | Villager (Male) |
| 2:18 | Queue | Villager (Male) |
| 2:18 | Queue | Villager (Male) |
| 2:49 | Queue | Villager (Male) |
| 2:49 | Queue | Villager (Male) |
| 3:20 | Queue | Villager (Male) |
| 3:20 | Queue | Villager (Male) |
| 3:39 | Queue | Villager (Male) |
| 3:39 | Queue | Villager (Male) |
| 3:58 | Build | House |
| 3:59 | Build | House |
| 4:03 | Queue | Villager (Male) |
| 4:03 | Queue | Villager (Male) |
| 4:25 | Queue | Villager (Male) |
| 4:26 | Queue | Villager (Male) |
| 5:03 | Queue | Villager (Male) |
| 5:03 | Queue | Villager (Male) |
| 5:04 | Queue | Villager (Male) |
| 5:38 | Build | Palisade Wall |
| 5:38 | Build | Palisade Wall |
| 5:41 | Build | Palisade Wall |
| 5:42 | Build | Palisade Wall |
| 5:47 | Build | Palisade Wall |
| 5:48 | Build | Palisade Wall |
| 5:49 | Build | Palisade Wall |
| 5:49 | Build | Palisade Wall |
| 5:50 | Queue | Villager (Male) |
| 6:01 | Research | Loom |
| 6:03 | Build | Mill |
| 6:18 | Queue | Villager (Male) |
| 6:39 | Queue | Villager (Male) |
| 6:44 | Build | House |
| 6:45 | Build | House |
| 7:14 | Queue | Villager (Male) |
| 7:24 | Build | Lumber Camp |
| 7:51 | Research | Feudal Age |
| 7:51 | Research | Feudal Age |
| 9:02 | Build | Barracks |
| 9:12 | Queue | Villager (Male) |
| 9:31 | Build | House |
| 10:01 | Age | Feudal Age |
| 10:02 | Research | Double-Bit Axe |
| 10:02 | Research | Horse Collar |
| 10:07 | Research | Horse Collar |
| 10:07 | Research | Horse Collar |
| 10:10 | Build | Farm |
| 10:10 | Build | Farm |
| 10:11 | Build | Farm |
| 10:12 | Build | Farm |
| 10:17 | Build | Farm |
| 10:18 | Queue | Villager (Male) |
| 10:32 | Queue | Villager (Male) |
| 10:44 | Queue | Villager (Male) |
| 10:46 | Build | Farm |
| 10:49 | Build | Farm |
| 11:13 | Queue | Villager (Male) |
| 11:23 | Build | Farm |
| 11:25 | Build | Farm |
| 11:33 | Build | Palisade Wall |
| 11:39 | Queue | Villager (Male) |
| 11:39 | Queue | Villager (Male) |
| 11:39 | Queue | Villager (Male) |
| 11:42 | Build | Farm |
| 11:53 | Build | House |
| 11:54 | Build | House |
| 12:15 | Queue | Villager (Male) |
| 12:15 | Queue | Villager (Male) |
| 12:21 | Queue | Villager (Male) |
| 12:24 | Build | Farm |
| 12:31 | Queue | Villager (Male) |
| 12:36 | Build | Palisade Wall |
| 12:37 | Build | Palisade Wall |
| 12:42 | Build | Farm |
| 12:52 | Queue | Villager (Male) |
| 12:59 | Build | House |
| 13:10 | Research | Double-Bit Axe |
| 13:22 | Build | Palisade Wall |
| 13:26 | Build | Palisade Wall |
| 13:31 | Queue | Villager (Male) |
| 13:48 | Build | Lumber Camp |
| 13:51 | Build | Palisade Wall |
| 13:55 | Queue | Villager (Male) |
| 14:15 | Queue | Villager (Male) |
| 14:17 | Queue | Villager (Male) |
| 14:24 | Build | House |
| 14:44 | Build | Stable |
| 14:46 | Queue | Villager (Male) |
| 14:53 | Queue | Villager (Male) |
| 15:11 | Queue | Villager (Male) |
| 15:13 | Build | Farm |
| 15:15 | Build | Farm |
| 15:28 | Queue | Villager (Male) |
| 15:29 | Queue | Scout Cavalry |
| 15:29 | Queue | Scout Cavalry |
| 15:34 | Queue | Scout Cavalry |
| 15:34 | Queue | Scout Cavalry |
| 15:42 | Queue | Villager (Male) |
| 15:43 | Queue | Villager (Male) |
| 15:46 | Build | Mining Camp |
| 15:55 | Build | Farm |
| 16:06 | Queue | Villager (Male) |
| 16:16 | Queue | Villager (Male) |
| 16:20 | Queue | Villager (Male) |
| 16:33 | Build | Farm |
| 16:37 | Build | Farm |
| 16:39 | Build | Farm |
| 16:40 | Queue | Villager (Male) |
| 16:44 | Queue | Scout Cavalry |
| 16:44 | Queue | Scout Cavalry |
| 16:57 | Queue | Villager (Male) |
| 17:04 | Build | Archery Range |
| 17:30 | Queue | Villager (Male) |
| 17:30 | Queue | Villager (Male) |
| 17:31 | Queue | Villager (Male) |
| 17:56 | Queue | Archer |
| 17:58 | Build | House |
| 18:03 | Research | Town Watch |
| 18:26 | Queue | Archer |
| 18:29 | Queue | Villager (Male) |
| 18:51 | Queue | Villager (Male) |
| 19:04 | Build | Market |
| 19:21 | Queue | Villager (Male) |
| 19:41 | Research | Castle Age |
| 19:52 | Build | Archery Range |
| 20:12 | Build | Blacksmith |
| 20:15 | Research | Gold Mining |
| 20:15 | Research | Gold Mining |
| 20:15 | Research | Gold Mining |
| 20:19 | Build | Palisade Wall |
| 20:21 | Build | Palisade Wall |
| 20:45 | Build | Archery Range |
| 20:54 | Research | Fletching |
| 21:45 | Queue | Villager (Male) |
| 22:21 | Age | Castle Age |
| 22:23 | Queue | Cavalry Archer ×5 |
| 22:34 | Build | Monastery |
| 22:36 | Research | Bow Saw |
| 22:36 | Research | Bow Saw |
| 22:43 | Research | Bodkin Arrow |
| 22:46 | Queue | Cavalry Archer ×2 |
Build order — Kubiasty
First 150 of 259 actions detected
| 0:00 | Queue | Villager (Male) |
| 0:01 | Queue | Villager (Male) |
| 0:02 | Build | House |
| 0:04 | Build | House |
| 0:16 | Queue | Villager (Male) |
| 0:19 | Queue | Villager (Male) |
| 0:19 | Queue | Villager (Male) |
| 1:33 | Queue | Villager (Male) |
| 1:33 | Queue | Villager (Male) |
| 2:01 | Build | House |
| 2:03 | Queue | Villager (Male) |
| 2:34 | Queue | Villager (Male) |
| 2:34 | Queue | Villager (Male) |
| 2:34 | Queue | Villager (Male) |
| 2:48 | Queue | Villager (Male) |
| 2:48 | Queue | Villager (Male) |
| 3:04 | Queue | Villager (Male) |
| 3:41 | Queue | Villager (Male) |
| 3:50 | Build | Barracks |
| 4:14 | Queue | Villager (Male) |
| 4:14 | Queue | Villager (Male) |
| 4:23 | Build | House |
| 4:38 | Queue | Villager (Male) |
| 4:38 | Queue | Villager (Male) |
| 4:47 | Queue | Militia |
| 4:47 | Queue | Militia |
| 5:17 | Queue | Villager (Male) |
| 5:17 | Queue | Villager (Male) |
| 5:38 | Build | Palisade Wall |
| 5:38 | Build | Palisade Wall |
| 5:38 | Build | Palisade Wall |
| 5:38 | Build | Palisade Wall |
| 5:39 | Build | Palisade Wall |
| 5:39 | Build | Palisade Wall |
| 5:39 | Build | Palisade Wall |
| 5:39 | Build | Palisade Wall |
| 5:40 | Build | Palisade Wall |
| 5:40 | Build | Palisade Wall |
| 5:40 | Build | Palisade Wall |
| 5:40 | Build | Palisade Wall |
| 5:41 | Build | Palisade Wall |
| 5:41 | Build | Palisade Wall |
| 5:43 | Queue | Militia |
| 5:47 | Queue | Villager (Male) |
| 5:52 | Build | Palisade Wall |
| 5:55 | Build | Palisade Wall |
| 5:56 | Build | Palisade Wall |
| 5:57 | Build | Palisade Wall |
| 6:08 | Build | Lumber Camp |
| 6:15 | Queue | Villager (Male) |
| 6:25 | Build | Palisade Wall |
| 6:25 | Build | Palisade Wall |
| 6:28 | Queue | Militia |
| 6:34 | Queue | Villager (Male) |
| 6:34 | Queue | Villager (Male) |
| 6:52 | Queue | Villager (Male) |
| 7:19 | Queue | Militia |
| 7:36 | Queue | Villager (Male) |
| 7:39 | Build | House |
| 8:16 | Build | Mill |
| 8:21 | Queue | Villager (Male) |
| 8:38 | Queue | Militia |
| 8:53 | Queue | Villager (Male) |
| 9:00 | Queue | Villager (Male) |
| 9:03 | Build | Farm |
| 9:04 | Build | Farm |
| 9:12 | Queue | Villager (Male) |
| 9:29 | Queue | Villager (Male) |
| 9:42 | Build | Farm |
| 9:46 | Build | House |
| 9:50 | Build | Palisade Wall |
| 9:52 | Queue | Villager (Male) |
| 10:10 | Build | Palisade Wall |
| 10:13 | Build | Palisade Wall |
| 10:18 | Build | Palisade Wall |
| 10:35 | Build | Palisade Wall |
| 10:42 | Queue | Villager (Male) |
| 10:53 | Build | Palisade Wall |
| 11:13 | Build | Palisade Wall |
| 11:14 | Build | Palisade Wall |
| 11:17 | Build | Palisade Wall |
| 11:19 | Build | Palisade Wall |
| 11:28 | Queue | Villager (Male) |
| 11:32 | Build | Farm |
| 11:32 | Build | Farm |
| 11:44 | Queue | Villager (Male) |
| 12:03 | Build | Palisade Wall |
| 12:04 | Build | Palisade Wall |
| 12:06 | Research | Feudal Age |
| 12:07 | Research | Feudal Age |
| 12:35 | Build | Mining Camp |
| 12:44 | Build | Palisade Wall |
| 12:45 | Build | Palisade Wall |
| 12:53 | Build | Palisade Wall |
| 12:59 | Queue | Villager (Male) |
| 13:28 | Build | Lumber Camp |
| 13:32 | Queue | Villager (Male) |
| 13:39 | Research | Loom |
| 13:43 | Queue | Villager (Male) |
| 13:46 | Build | House |
| 13:49 | Build | House |
| 14:20 | Build | Farm |
| 14:26 | Build | Farm |
| 14:28 | Age | Feudal Age |
| 14:29 | Build | Farm |
| 14:30 | Research | Horse Collar |
| 14:31 | Research | Double-Bit Axe |
| 14:31 | Research | Double-Bit Axe |
| 14:31 | Research | Double-Bit Axe |
| 14:37 | Research | Arson |
| 14:37 | Research | Arson |
| 14:39 | Queue | Spearman |
| 14:44 | Queue | Villager (Male) |
| 14:53 | Build | Farm |
| 14:55 | Build | Farm |
| 14:59 | Build | Farm |
| 15:14 | Build | Palisade Wall |
| 15:18 | Build | Palisade Wall |
| 15:19 | Build | Palisade Wall |
| 15:31 | Build | Farm |
| 15:40 | Queue | Villager (Male) |
| 15:45 | Queue | Villager (Male) |
| 15:47 | Build | Farm |
| 15:47 | Build | Farm |
| 15:51 | Build | Farm |
| 15:57 | Build | Farm |
| 16:01 | Build | Farm |
| 16:12 | Build | Farm |
| 16:18 | Queue | Villager (Male) |
| 16:21 | Build | Farm |
| 16:23 | Build | House |
| 16:25 | Build | Palisade Wall |
| 16:40 | Build | Farm |
| 16:46 | Queue | Villager (Male) |
| 16:56 | Build | Mill |
| 17:09 | Build | House |
| 17:18 | Queue | Villager (Male) |
| 17:33 | Queue | Villager (Male) |
| 17:37 | Build | Market |
| 17:43 | Build | House |
| 17:46 | Build | House |
| 17:50 | Build | House |
| 17:53 | Build | Palisade Wall |
| 17:54 | Build | Palisade Wall |
| 18:10 | Queue | Villager (Male) |
| 18:22 | Queue | Spearman |
| 18:25 | Build | Palisade Wall |
| 18:31 | Queue | Villager (Male) |
| 18:42 | Queue | Villager (Male) |
| 18:44 | Research | Wheelbarrow |
Match timeline
| 3:50 | Kubiasty · first_building Barracks |
| 5:38 | dlms9 · wall_segment Palisade Wall x1 |
| 5:38 | Kubiasty · wall_segment Palisade Wall x1 |
| 5:38 | Kubiasty · wall_segment Palisade Wall x1 |
| 5:38 | dlms9 · wall_segment Palisade Wall x1 |
| 5:38 | Kubiasty · wall_segment Palisade Wall x1 |
| 5:38 | Kubiasty · wall_segment Palisade Wall x2 |
| 5:39 | Kubiasty · wall_segment Palisade Wall x1 |
| 5:39 | Kubiasty · wall_segment Palisade Wall x1 |
| 5:39 | Kubiasty · wall_segment Palisade Wall x1 |
| 5:39 | Kubiasty · wall_segment Palisade Wall x1 |
| 5:40 | Kubiasty · wall_segment Palisade Wall x1 |
| 5:40 | Kubiasty · wall_segment Palisade Wall x1 |
| 5:40 | Kubiasty · wall_segment Palisade Wall x1 |
| 5:40 | Kubiasty · wall_segment Palisade Wall x2 |
| 5:41 | Kubiasty · wall_segment Palisade Wall x2 |
| 5:41 | dlms9 · wall_segment Palisade Wall x1 |
| 5:41 | Kubiasty · wall_segment Palisade Wall x1 |
| 5:42 | dlms9 · wall_segment Palisade Wall x1 |
| 5:47 | dlms9 · wall_segment Palisade Wall x1 |
| 5:48 | dlms9 · wall_segment Palisade Wall x1 |
| 5:49 | dlms9 · wall_segment Palisade Wall x1 |
| 5:49 | dlms9 · wall_segment Palisade Wall x1 |
| 5:52 | Kubiasty · wall_segment Palisade Wall x1 |
| 5:55 | Kubiasty · wall_segment Palisade Wall x1 |
| 5:56 | Kubiasty · wall_segment Palisade Wall x1 |
| 5:57 | Kubiasty · wall_segment Palisade Wall x1 |
| 6:25 | Kubiasty · wall_segment Palisade Wall x1 |
| 6:25 | Kubiasty · wall_segment Palisade Wall x1 |
| 9:02 | dlms9 · first_building Barracks |
| 9:50 | Kubiasty · wall_segment Palisade Wall x4 |
| 10:01 | dlms9 · age_up feudal |
| 10:10 | Kubiasty · wall_segment Palisade Wall x4 |
| 10:13 | Kubiasty · wall_segment Palisade Wall x5 |
| 10:18 | Kubiasty · wall_segment Palisade Wall x1 |
| 10:35 | Kubiasty · wall_segment Palisade Wall x3 |
| 10:53 | Kubiasty · wall_segment Palisade Wall x4 |
| 11:13 | Kubiasty · wall_segment Palisade Wall x1 |
| 11:14 | Kubiasty · wall_segment Palisade Wall x1 |
| 11:17 | Kubiasty · wall_segment Palisade Wall x1 |
| 11:19 | Kubiasty · wall_segment Palisade Wall x1 |
| 11:33 | dlms9 · wall_segment Palisade Wall x1 |
| 12:03 | Kubiasty · wall_segment Palisade Wall x1 |
| 12:04 | Kubiasty · wall_segment Palisade Wall x1 |
| 12:36 | dlms9 · wall_segment Palisade Wall x1 |
| 12:37 | dlms9 · wall_segment Palisade Wall x1 |
| 12:44 | Kubiasty · wall_segment Palisade Wall x1 |
| 12:45 | Kubiasty · wall_segment Palisade Wall x1 |
| 12:53 | Kubiasty · wall_segment Palisade Wall x6 |
| 13:22 | dlms9 · wall_segment Palisade Wall x5 |
| 13:26 | dlms9 · wall_segment Palisade Wall x7 |
| 13:51 | dlms9 · wall_segment Palisade Wall x1 |
| 14:28 | Kubiasty · age_up feudal |
| 14:44 | dlms9 · first_building Stable |
| 15:14 | Kubiasty · wall_segment Palisade Wall x1 |
| 15:18 | Kubiasty · wall_segment Palisade Wall x1 |
| 15:19 | Kubiasty · wall_segment Palisade Wall x1 |
| 16:25 | Kubiasty · wall_segment Palisade Wall x3 |
| 17:04 | dlms9 · first_building Archery Range |
| 17:53 | Kubiasty · wall_segment Palisade Wall x1 |
| 17:54 | Kubiasty · wall_segment Palisade Wall x1 |
| 18:25 | Kubiasty · wall_segment Palisade Wall x1 |
| 18:46 | Kubiasty · wall_segment Palisade Wall x1 |
| 18:46 | Kubiasty · wall_segment Palisade Wall x1 |
| 19:12 | Kubiasty · wall_segment Palisade Wall x1 |
| 20:19 | dlms9 · wall_segment Palisade Wall x3 |
| 20:21 | dlms9 · wall_segment Palisade Wall x5 |
| 22:02 | Kubiasty · first_building Stable |
| 22:21 | dlms9 · age_up castle |
| 22:34 | dlms9 · first_building Monastery |
| 23:29 | Kubiasty · age_up castle |
| 24:09 | Kubiasty · first_market_sell 100 stone |
| 28:09 | dlms9 · resign |
[ AI ANALYSIS · 1 CREDIT ]
What really happened in this match?
Wolo.gg analyzes every decision: build order, eco, micro, common mistakes by bracket. Personalized analysis on WhatsApp or Discord in 30 seconds.
Civ guide
Magyars
Perfil
Jugador #4437805